Map: [ESL] Tropical Sacrifice

Players

ShoWTimE

  • Race: Protoss Protoss
  • Spawn Location: 1:00

DRG - Winner!

  • Race: Zerg Zerg
  • Spawn Location: 7:00

Event: DreamHack SC2 Masters 2022 Valencia

VOD

Have the link to the VOD?

Description

Time

  • Played on: July 1, 2022, 3:26 p.m.
  • Length: 9:54

All games in this series

Show
View Real Time Build Order
Export as new Build Order

ShoWTimE Protoss 

Build Orders: 1 Gate Expand, Oracle Opening 

Get SALT Encoding   

  12  0:00  Probe  
  13  0:12  Probe  
  14  0:19  Pylon  
  14  0:24  Probe  
  15  0:37  Probe (Chrono Boost)  
  15  0:39  Gateway  
  16  0:46  Probe (Chrono Boost)  
  16  0:48  Assimilator  
  17  0:52  Probe  
  18  1:04  Probe  
  19  1:16  Probe  
  20  1:26  Nexus  
  20  1:37  Cybernetics Core  
  20  1:40  Probe  
  20  1:46  Assimilator  
  21  1:52  Probe  
  22  1:55  Pylon  
  22  2:04  Probe  
  23  2:11  Adept (Chrono Boost)  
  23  2:12  Probe  
  25  2:20  Probe  
  25  2:21  Stargate  
  26  2:28  Warp Gate  
  27  2:31  Probe  
  30  2:39  Probe (Chrono Boost)  
  30  2:41  Stalker  
  32  2:49  Probe (Chrono Boost)  
  32  2:51  Probe (Chrono Boost)  
  33  2:56  Probe (Chrono Boost)  
  33  2:57  Probe (Chrono Boost)  
  35  3:04  Oracle (Chrono Boost)  
  35  3:05  Probe  
  35  3:08  Probe  
  40  3:17  Pylon  
  40  3:18  Probe  
  41  3:20  Probe  
  42  3:30  Probe, Gateway  
  42  3:32  Probe  
  44  3:38  Twilight Council  
  44  3:42  Probe  
  44  3:43  Gateway  
  44  3:44  Probe  
  46  3:50  Gateway  
  46  3:54  Probe  
  47  3:56  Probe  
  48  4:06  Resonating Glaives (Chrono Boost), Probe  
  48  4:08  Nexus  
  49  4:12  Pylon  
  49  4:20  Adept  
  51  4:24  Probe x2  
  51  4:30  Pylon, Adept  
  55  4:34  Assimilator  
  55  4:36  Probe  
  57  4:39  Assimilator  
  57  4:42  Adept x2  
  61  4:47  Pylon  
  61  4:50  Adept x2  
  64  4:55  Probe x2  
  66  5:02  Adept  
  66  5:04  Adept  
  70  5:07  Probe x2  
  70  5:11  Adept x2  
  76  5:14  Pylon  
  76  5:19  Probe x3  
  79  5:23  Blink (Chrono Boost)  
  79  5:24  Adept  
  79  5:25  Adept  
  83  5:31  Probe  
  84  5:35  Adept  
  84  5:36  Adept  
  84  5:41  Probe  
  89  5:43  Probe  
  89  5:44  Probe  
  89  5:52  Sentry x2  
  89  5:53  Probe  
  89  5:55  Probe  
  89  5:56  Probe  
  96  5:59  Sentry  
  96  6:00  Sentry  
  96  6:02  Forge  
  96  6:05  Probe, Gateway  
  96  6:07  Probe, Shield Battery  
  96  6:08  Probe  
  99  6:11  Pylon  
  99  6:12  Assimilator  
  99  6:17  Probe  
  99  6:18  Assimilator  
  99  6:21  Shield Battery  
  99  6:26  Gateway x2  
  99  6:29  Pylon  
  99  6:30  Stalker, Sentry x2  
  105  6:34  Protoss Ground Weapons Level 1 (Chrono Boost)  
  105  6:42  Stalker  
  105  6:46  Pylon  
  107  6:55  Probe, Gateway  
  107  6:59  Stalker x4  
  116  7:03  Pylon  
  116  7:10  Probe x3  
  116  7:13  Stalker  
  121  7:16  Pylon  
  121  7:17  Pylon  
  121  7:25  Stalker x5  
  121  7:27  Probe  
  121  7:29  Probe  
  133  7:36  Stalker x2  
  133  7:41  Probe  
  126  7:54  Stalker x6  
  122  8:09  Probe  
  119  8:17  Probe  
  119  8:19  Robotics Facility  
  120  8:20  Forge  
  120  8:22  Adept x2  
  124  8:30  Nexus  
  124  8:33  Zealot x6  
  135  8:39  Probe  
  136  8:46  Twilight Council  
  132  8:52  Nexus  
  132  8:54  Pylon  
  132  9:03  Probe x3  
  135  9:13  Robotics Bay  
  135  9:14  Stalker x5  
  135  9:16  Robotics Facility  
  139  9:28  Stalker x2  
  102  9:42  Stalker x4  
  102  9:43  Stalker  
  99  9:52  Zealot  
Show
View Real Time Build Order
Export as new Build Order

DRG Zerg - Winner!

Build Orders: Hatch First 

Get SALT Encoding   

  12  0:00  Drone  
  13  0:11  Drone  
  14  0:17  Overlord  
  14  0:25  Drone, Extractor  
  15  0:36  Drone  
  16  0:48  Hatchery  
  15  0:52  Drone  
  15  0:56  Drone  
  17  0:59  Drone  
  17  1:03  Extractor  
  17  1:15  Spawning Pool  
  16  1:18  Drone  
  16  1:23  Drone  
  18  1:26  Drone  
  19  1:37  Drone  
  20  1:49  Drone  
  21  1:59  Overlord  
  21  2:02  Queen x2  
  21  2:08  Metabolic Boost  
  25  2:12  Zergling x2  
  26  2:15  Zergling x2  
  26  2:18  Drone  
  26  2:20  Drone  
  26  2:22  Drone  
  30  2:31  Drone  
  30  2:35  Drone  
  32  2:43  Hatchery  
  31  2:49  Queen  
  33  2:53  Overlord  
  33  2:57  Drone  
  34  2:59  Drone  
  34  3:02  Drone  
  34  3:05  Overlord  
  36  3:14  Drone x2  
  36  3:15  Drone  
  36  3:17  Drone x2  
  41  3:22  Queen  
  41  3:25  Drone  
  44  3:29  Queen  
  44  3:34  Overlord  
  46  3:36  Drone  
  46  3:40  Overlord  
  47  3:46  Overlord  
  47  3:53  Drone x3  
  47  3:54  Drone  
  51  3:55  Queen  
  51  3:58  Spore Crawler  
  51  4:00  Zergling x2  
  51  4:01  Zergling x2  
  51  4:02  Drone  
  54  4:04  Drone  
  54  4:06  Drone  
  56  4:11  Drone x2  
  56  4:13  Queen  
  60  4:17  Evolution Chamber  
  60  4:18  Drone x2  
  60  4:20  Drone  
  60  4:22  Drone  
  63  4:25  Drone x2  
  63  4:29  Baneling Nest, Drone  
  65  4:32  Drone  
  65  4:34  Overlord  
  66  4:39  Drone x4  
  66  4:41  Zergling x2  
  66  4:43  Zergling x4  
  73  4:46  Zerg Melee Weapons Level 1  
  73  4:51  Overlord  
  73  4:53  Overlord  
  73  4:54  Overlord  
  73  4:57  Overlord, Extractor  
  72  5:01  Zergling x6  
  72  5:04  Zergling x2  
  76  5:09  Drone  
  77  5:15  Drone  
  77  5:20  Drone  
  77  5:21  Drone x3  
  82  5:22  Zergling x12, Hatchery  
  87  5:29  Drone x2  
  87  5:32  Overlord  
  89  5:36  Zergling x4  
  89  5:37  Queen  
  90  5:43  Zergling x6  
  90  5:48  Baneling x6  
  88  5:50  Zergling x14  
  88  5:54  Drone x2  
  96  6:01  Drone x3  
  97  6:10  Drone  
  97  6:11  Roach Warren, Drone x4  
  102  6:12  Overlord  
  102  6:16  Lair  
  102  6:17  Drone x3  
  102  6:18  Overlord  
  103  6:20  Overlord  
  103  6:21  Drone x2  
  103  6:23  Drone x2  
  106  6:26  Extractor  
  106  6:29  Extractor  
  106  6:31  Extractor x2  
  106  6:32  Drone x2  
  104  6:34  Drone x2  
  104  6:39  Drone x3  
  109  6:45  Drone x3  
  109  6:46  Overlord  
  112  6:49  Overlord  
  112  6:53  Spore Crawler  
  109  6:58  Zergling x2  
  109  6:59  Zergling x16  
  117  7:06  Overlord  
  117  7:09  Drone x3  
  117  7:13  Overlord  
  117  7:15  Roach x5, Spine Crawler x2  
  128  7:16  Zerg Melee Weapons Level 2  
  128  7:17  Glial Reconstitution  
  128  7:24  Roach x4  
  130  7:30  Zergling x10  
  130  7:35  Roach x3  
  127  7:39  Roach x3  
  127  7:41  Roach  
  126  7:44  Roach, Baneling Nest  
  126  7:46  Zergling x4  
  126  7:49  Zergling x6  
  121  7:52  Ravager  
  121  7:53  Ravager x5  
  121  7:55  Zergling x4  
  121  7:56  Zergling x4  
  129  8:05  Zergling x10  
  131  8:10  Zergling x12  
  131  8:11  Spine Crawler  
  137  8:16  Zergling x12  
  137  8:18  Queen  
  145  8:23  Centrifugal Hooks  
  145  8:28  Zergling x10  
  145  8:31  Zergling x6  
  153  8:37  Overlord  
  153  8:39  Drone x4  
  156  8:44  Spore Crawler  
  156  8:46  Zergling x12  
  159  8:52  Drone x2  
  159  8:53  Queen x2  
  165  8:56  Zergling x2, Baneling  
  165  8:57  Baneling x4  
  165  8:58  Zergling x2  
  165  9:00  Overseer  
  167  9:03  Zergling x6  
  167  9:04  Zergling x2  
  167  9:06  Overlord  
  170  9:10  Zergling x8  
  170  9:14  Zergling x6  
  164  9:29  Zergling x14  
  163  9:35  Zergling x10  

Tags
 
Add a new tag
Caveats
  • Supply blocks, unpowered buildings, or Contaminate may cause inaccurate times.
  • Supply counts are checked every 10 seconds.